 Dungeon Crawl Stone Soup version 0.29.1-2-gbd0b4ee654 (webtiles) character file.

Game seed: 5270159059399564165

973 Slibbio the Slasher (level 7, 0/60 HPs)
             Began as a Minotaur Wanderer on Oct 26, 2022.
             Was a Believer of Sif Muna.
             Slain by an orc wizard
             ... wielding a +0 dagger
              (3 damage)
             ... on level 6 of the Dungeon.
             The game lasted 00:34:40 (7481 turns).

Slibbio the Slasher (Minotaur Wanderer)             Turns: 7481, Time: 00:34:41

Health: 0/60       AC: 11    Str: 17    XL:     7   Next: 94%
Magic:  7/7        EV: 16    Int:  9    God:    Sif Muna [**....]
Gold:   331        SH:  3    Dex: 11    Spells: 7/8 levels left

rFire   . . .      SeeInvis .   a - +1 falchion
rCold   . . .      Faith    .   L - +0 buckler
rNeg    . . .      Spirit   .   s - +1 leather armour {rPois}
rPois   +          Reflect  .   (helmet restricted)
rElec   .          Harm     .   h - +2 cloak
rCorr   .          Rampage  .   z - +2 pair of gloves
Will    .....                   (no boots)
Stlth   ++........              G - amulet of regeneration
HPRegen 1.00/turn               g - +4 ring of evasion
MPRegen 0.10/turn               (no ring)

@: about to teleport
A: horns 2, retaliatory headbutt
a: Renounce Religion, Channel Magic


You were on level 6 of the Dungeon.
You worshipped Sif Muna.
Sif Muna was pleased with you.
You visited 1 branch of the dungeon, and saw 6 of its levels.

You collected 331 gold pieces.

Inventory:

Hand Weapons
 a - a +1 falchion (weapon)
 j - a +0 dagger
 k - a +0 sling
 l - a +0 giant spiked club
Missiles
 p - 33 stones
 w - 6 poisoned darts
 J - 4 javelins
Armour
 h - a +2 cloak (worn)
 s - a +1 leather armour of poison resistance (worn)
 z - a +2 pair of gloves (worn)
 L - a +0 buckler (worn)
Magical Staves
 F - a staff of death
Jewellery
 g - a +4 ring of evasion (left hand)
 G - an amulet of regeneration (around neck)
Wands
 b - a wand of polymorph (16)
 y - a wand of flame (33)
 K - a wand of charming (9)
Scrolls
 c - 2 scrolls of fear
 d - a scroll of identify
 f - 2 scrolls of amnesia
 o - a scroll of brand weapon {unknown}
 q - 2 scrolls of noise {unknown}
 r - a scroll of torment {unknown}
 u - a scroll of poison {unknown}
 v - a scroll of silence {unknown}
 x - a scroll of enchant armour {unknown}
 C - a scroll of enchant weapon
 D - 2 scrolls of magic mapping {unknown}
 I - a scroll of immolation {unknown}
Potions
 e - a potion of lignification {unknown}
 i - 3 potions of cancellation
 m - 3 potions of curing
 n - 4 potions of heal wounds
 t - a potion of resistance {unknown}
 B - a potion of haste {unknown}
 E - a potion of flight {unknown}
 H - 2 potions of magic {unknown}


   Skills:
 + Level 4.3 Fighting
 + Level 7.6 Long Blades
 + Level 4.7 Armour
 + Level 3.8 Dodging
 + Level 1.9 Stealth
 + Level 1.1 Spellcasting
 + Level 1.6 Summonings
 + Level 0.3 Invocations
 + Level 2.0 Evocations


You had 7 spell levels left.
You knew the following spells:

 Your Spells              Type           Power      Damage    Failure   Level
a - Summon Small Mammal   Summ           12%        N/A       30%         1

Your spell library contained the following spells:

 Spells                   Type           Power      Damage    Failure   Level
 Apportation              Tloc           0%         N/A       52%         1
 Necrotise                Necr           0%         1d4       52%         1
 Sandblast                Erth           0%         2d4       52%         1
 Passwall                 Tmut/Erth      0%         N/A       65%         2
 Summon Guardian Golem    Hex/Summ       1%         N/A       77%         3
 Dazzling Flash           Conj/Hex       0%         N/A       87%         3
 Stone Arrow              Conj/Erth      0%         3d7       87%         3
 Animate Armour           Summ/Erth      2%         N/A       99%         4
 Iskenderun's Mystic Bla  Conj/Tloc      0%         2d3       99%         4
 Starburst                Conj/Fire      0%         6d3       100%        6


Dungeon Overview and Level Annotations

Branches:
Dungeon (6/15)
 Temple: D:4-7

Altars:
Sif Muna
Wu Jian
Yredelemnul

Shops:
D:1 :


Innate Abilities, Weirdness & Mutations

You have a pair of horns on your head.
You reflexively headbutt those who attack you in melee.


Message History

The orc wizard barely misses you. The orc wizard casts a spell at you.
You resist with some effort.
The orc warrior hits you with a +0 war axe!
The orc closely misses you.
You barely miss the orc wizard. The orc warrior closely misses you.
The orc wizard hits you but does no damage.
The orc barely misses you. You furiously retaliate!
You headbutt the orc. You slash the orc wizard!
Your headbutt misses the orc wizard.
The orc wizard is heavily wounded.
The orc wizard hits you but does no damage.
The orc warrior misses you. The orc misses you.
You hit the orc but do no damage. Your headbutt misses the orc.
The orc is severely wounded.
The orc wizard casts a spell at you. The puff of flame hits you.
The orc closely misses you. The orc warrior completely misses you.
You hit the orc wizard.
The orc wizard is severely wounded.
The orc wizard mumbles some strange words.
The orc wizard flickers and vanishes!
Deactivating autopickup; reactivate with Ctrl-A.
You block the orc's attack.
The orc warrior hits you with a +0 war axe!
Unknown command.
You barely miss the orc.
The orc is severely wounded.
The orc warrior hits you with a +0 war axe!
The orc barely misses you. Something hits you.
You barely miss the orc.
The orc is severely wounded.
The orc barely misses you. Something hits you.
The orc warrior hits you with a +0 war axe!
* * * LOW HITPOINT WARNING * * *
As you read the scroll of teleportation, it crumbles to dust.
You feel strangely unstable. The orc barely misses you.
The orc warrior hits you with a +0 war axe!
* * * LOW HITPOINT WARNING * * *
Something hits you.
You die...

#..# ##..#
#...# #>#.#
#.#.# #.#.#
#.#.#
#########.#..
#<...o@...###
#.....{o.##
#........#
#........#
#.........
######.##.+
#.# ## #..


You could see an orc warrior and an orc.

Vanquished Creatures
  A hornet (D:6)
  Menkaure (D:6)
  An ogre (D:4)
  A phantom (D:4)
  A bullfrog (D:3)
  A necrophage (D:5)
  A scorpion (D:5)
  A hound (D:4)
  An orc priest (D:3)
  2 jellies
  An iguana (D:6)
  An orc wizard (D:3)
  3 adders
  2 ufetubi
  15 orcs
  8 ball pythons
  8 bats
  8 endoplasms
  2 giant cockroaches (D:3)
  4 goblins
  6 hobgoblins
  2 jackals (D:3)
  2 quokkas (D:4)
  3 frilled lizards
  8 kobolds
  5 rats
89 creatures vanquished.

Vanquished Creatures (others)
  6 plants (D:3)
6 creatures vanquished.

Grand Total: 95 creatures vanquished

Notes
Turn   | Place    | Note
-------+----------+-------------------------------------------
     0 | D:1      | Slibbio the Minotaur Wanderer began the quest for the Orb.
     0 | D:1      | Slibbio set off with the following items: a +0 falchion, a
                  | wand of polymorph (3), a scroll of fear, a +0 leather
                  | armour; and the following spell memorised: Summon Small
                  | Mammal; and the following spells available to memorise:
                  | Summon Guardian Golem, Animate Armour.
     0 | D:1      | Reached XP level 1. HP: 18/18 MP: 1/1
   247 | D:1      | Reached XP level 2. HP: 25/25 MP: 2/2
   271 | D:1      | Found Othrergh's Vocational Training.
   493 | D:1      | Found a faded altar of an unknown god.
   575 | D:1      | Prayed at the altar of an unknown god.
   575 | D:1      | Became a worshipper of Sif Muna the Loreminder
   575 | D:1      | Reached * piety under Sif Muna
   867 | D:2      | Reached skill level 4 in Long Blades
  1153 | D:2      | Reached XP level 3. HP: 31/31 MP: 3/3
  1168 | D:2      | Reached skill level 1 in Armour
  1828 | D:3      | Reached skill level 1 in Dodging
  1828 | D:3      | Reached XP level 4. HP: 27/38 MP: 4/4
  1839 | D:3      | Reached ** piety under Sif Muna
  1853 | D:3      | Found a transporter.
  1892 | D:3      | Found a transporter.
  2864 | D:3      | Noticed a bullfrog
  2872 | D:3      | Killed a bullfrog
  2873 | D:3      | Reached XP level 5. HP: 45/45 MP: 5/5
  3185 | D:3      | Reached skill level 1 in Stealth
  3223 | D:3      | Reached skill level 5 in Long Blades
  4719 | D:4      | Noticed an ogre
  4723 | D:4      | Noticed a phantom
  4736 | D:4      | Killed an ogre
  4737 | D:4      | Reached XP level 6. HP: 50/51 MP: 6/6
  4920 | D:4      | Reached skill level 6 in Long Blades
  5904 | D:5      | Entered Level 5 of the Dungeon
  5942 | D:5      | Reached XP level 7. HP: 58/58 MP: 7/7
  6373 | D:5      | Found an ornate altar of the Wu Jian Council.
  7214 | D:6      | Found a basalt altar of Yredelemnul.
  7354 | D:6      | Noticed a hornet
  7366 | D:6      | Killed a hornet
  7367 | D:6      | Reached skill level 7 in Long Blades
  7429 | D:6      | Noticed Menkaure
  7439 | D:6      | Killed Menkaure
  7481 | D:6      | HP: 3/60 [orc warrior/+0 war axe (7)]
  7481 | D:6      | Slain by an orc wizard

Illustrated notes

Levels and vault maps discovered:
D:1:      minmay_arrival_loop, layout_loops_ring,
          hellmonk_ecumenical_altar_lost_god, nicolae_shop_vocational
D:2:      layout_loops_corners
D:3:      gammafunk_steamed_eel, layout_loops_corners
D:4:      layout_basic
D:5:      layout_cave_pods, nicolae_wu_jian_wuxing_cycle
D:6:      minmay_polygon_palace, layout_rooms, mainiacjoe_overflow_alcove_2,
          gup_sewer_entry_glass, hangedman_abyss_or_decor_stabs, uniq_menkaure

Skill      XL: |  1  2  3  4  5  6  7 |
---------------+----------------------+-----
Fighting       | 3 4 |  4.3
Long Blades    | 4 5 6 7 |  7.6
Evocations     | 2 |  2.0
Armour         | 1 2 3 4 |  4.7
Dodging        | 1 2 3 |  3.8
Stealth        | 1 |  1.9
Spellcasting   | |  1.1
Summonings     | |  1.6
Invocations    | |  0.3

Action                   |  1- 3 |  4- 6 |  7- 9 || total
-------------------------+-------+-------+-------++-------
Melee: Falchion          |    68 |   137 |    62 ||   267
       Headbutt          |     6 |    30 |    13 ||    49
       Punch             |     1 |     2 |       ||     3
 Cast: Summon Small Mamm |       |       |     1 ||     1
Invok: Channel Magic     |       |       |     1 ||     1
  Use: Scroll            |       |     9 |     1 ||    10
 Stab: Sleeping          |     1 |     1 |       ||     2
Armor: Leather armour    |    26 |    41 |    16 ||    83
Dodge: Dodged            |    91 |   133 |    48 ||   272
Block: Buckler           |       |       |     3 ||     3
